[Event "23rd Hoogeveen Open 2019"]
[Site "Hoogeveen"]
[Date "2019.10.21"]
[Round "3.14"]
[White "Dixit, Nikhil"]
[Black "Slagboom, Leandro"]
[Result "1-0"]
[ECO "B51"]
[WhiteElo "2358"]
[BlackElo "1954"]
[Annotator "RC"]
[PlyCount "41"]
[EventDate "2019.10.19"]
[EventType "swiss"]
[EventCountry "NED"]
[SourceTitle "playchess.com"]
[Source "ChessBase"]
[SourceQuality "1"]
[TimeControl "40/5400+30:1800+30"]

1. e4 c5 2. Nf3 d6 3. Bb5+ Nd7 4. O-O Ngf6 5. Re1 e6 6. c3 a6 7. Bd3 Be7 8. Bc2 O-O 9. d4 b5 10. e5 dxe5 11. dxe5 Nd5 12. a4 bxa4 13. Rxa4 g6 14. Qd2 Re8 15. Qh6 Nf8 16. Nbd2 Bb7 17. Ne4 Nb6 18. Rd1 Nxa4 19. Rxd8 Rexd8 20. Nf6+ Kh8 21. Ng5 1-0

[Event "23rd Hoogeveen Open 2019"]
[Site "Hoogeveen"]
[Date "2019.10.21"]
[Round "3.19"]
[White "Kirchei, Viktoriia"]
[Black "Grooten, Herman"]
[Result "1-0"]
[ECO "B42"]
[WhiteElo "2051"]
[BlackElo "2274"]
[Annotator "RC"]
[PlyCount "79"]
[EventDate "2019.10.19"]
[EventType "swiss"]
[EventCountry "NED"]
[SourceTitle "playchess.com"]
[Source "ChessBase"]
[SourceQuality "1"]
[TimeControl "40/5400+30:1800+30"]

1. e4 c5 2. Nf3 e6 3. d4 cxd4 4. Nxd4 a6 5. Bd3 Nf6 6. O-O Qc7 7. Qe2 d6 8. c4 g6 9. Nc3 Bg7 10. Be3 Nbd7 11. f4 O-O 12. a4 Nc5 13. Bc2 e5 14. fxe5 dxe5 15. Nf3 Ne6 16. Nd2 Nf4 17. Qf3 Ng4 18. g3 Nxe3 19. Qxe3 Ne6 20. Nd5 Qd8 21. Nf3 Nd4 22. Nxd4 exd4 23. Qf4 Be6 24. a5 d3 25. Bxd3 Bxb2 26. Ra2 Bd4+ 27. Kh1 Rc8 28. Rb1 Qd7 29. Be2 Bxd5 30. exd5 Bg7 31. Bg4 f5 32. Bf3 Rc5 33. Re2 Rxa5 34. d6 Re8 35. Bd5+ Kh8 36. Rxe8+ Qxe8 37. d7 Qf8 38. Qc7 Rxd5 39. cxd5 Bf6 40. Re1 1-0

[Event "23rd Hoogeveen Open 2019"]
[Site "Hoogeveen"]
[Date "2019.10.21"]
[Round "3.20"]
[White "Van Dael, Siem"]
[Black "Emans, Job"]
[Result "1-0"]
[ECO "C54"]
[WhiteElo "2273"]
[BlackElo "2028"]
[Annotator "RC"]
[PlyCount "87"]
[EventDate "2019.10.19"]
[EventType "swiss"]
[EventCountry "NED"]
[SourceTitle "playchess.com"]
[Source "ChessBase"]
[SourceQuality "1"]
[TimeControl "40/5400+30:1800+30"]

1. e4 e5 2. Nf3 Nc6 3. Bc4 Bc5 4. c3 Nf6 5. d3 d6 6. a4 a5 7. O-O O-O 8. Na3 Be6 9. Bxe6 fxe6 10. Nc4 Ba7 11. h3 Qd7 12. Re1 Nh5 13. d4 exd4 14. cxd4 Qf7 15. Be3 h6 16. Ra3 Nf4 17. Bxf4 Qxf4 18. Rd3 Rae8 19. Rd2 Re7 20. Na3 e5 21. d5 Nd4 22. Rd3 Ref7 23. Nb5 Nxb5 24. axb5 g5 25. Qd2 Qg3 26. Kf1 Rxf3 27. gxf3 Rxf3 28. Rxf3 Qxf3 29. Rc1 Qh1+ 30. Ke2 Qxe4+ 31. Kd1 Bb6 32. Rc3 Qb1+ 33. Qc1 Qxc1+ 34. Kxc1 Kg7 35. Kd2 Bc5 36. Kd3 Kf6 37. Ke4 Kg6 38. Rf3 Bb6 39. Rf8 Bd4 40. b3 Bc5 41. f3 h5 42. Re8 g4 43. fxg4 hxg4 44. Rg8+ 1-0

[Event "23rd Hoogeveen Open 2019"]
[Site "Hoogeveen"]
[Date "2019.10.21"]
[Round "3.22"]
[White "Labruyere, Roger"]
[Black "Blagojevic, Tijana"]
[Result "0-1"]
[ECO "E04"]
[WhiteElo "1932"]
[BlackElo "2151"]
[Annotator "RC"]
[PlyCount "72"]
[EventDate "2019.10.19"]
[EventType "swiss"]
[EventCountry "NED"]
[SourceTitle "playchess.com"]
[Source "ChessBase"]
[SourceQuality "1"]
[TimeControl "40/5400+30:1800+30"]

1. d4 d5 2. c4 c6 3. Nf3 Nf6 4. g3 dxc4 5. Bg2 b5 6. Ne5 Bb7 7. a4 a6 8. Nc3 e6 9. O-O Nd5 10. e4 Nxc3 11. bxc3 Nd7 12. f4 Qc7 13. Qh5 Nf6 14. Qe2 Be7 15. g4 Nd7 16. g5 g6 17. Ng4 O-O-O 18. Nf2 h6 19. e5 hxg5 20. fxg5 f5 21. gxf6 Nxf6 22. Ng4 Nd5 23. Bxd5 Rxd5 24. Ne3 Rdd8 25. Qg4 Qd7 26. Bb2 Rh5 27. Ng2 c5 28. Rf2 cxd4 29. cxd4 b4 30. Qxg6 Rg5 31. Qc2 Rdg8 32. Qxc4+ Kb8 33. Bc1 Rxg2+ 34. Kf1 Rg1+ 35. Ke2 Rc8 36. Qd3 Rgxc1 0-1

[Event "23rd Hoogeveen Open 2019"]
[Site "Hoogeveen"]
[Date "2019.10.21"]
[Round "3.31"]
[White "Taams, Sander"]
[Black "Albers, Sasa"]
[Result "0-1"]
[ECO "B10"]
[WhiteElo "2094"]
[BlackElo "1975"]
[Annotator "NA RC"]
[PlyCount "80"]
[EventDate "2019.10.19"]
[EventType "swiss"]
[EventCountry "NED"]
[SourceTitle "playchess.com"]
[Source "ChessBase"]
[SourceQuality "1"]
[TimeControl "40/5400+30:1800+30"]

1. e4 c6 2. Qe2 d5 3. d3 dxe4 4. dxe4 e5 5. Nf3 Nf6 6. Nbd2 {[%emt 0:02:17] B10: Caro-Kann: 2 d3 and 2 c4} Nbd7 7. b3 $146 ({Predecessor:} 7. Nc4 Qc7 8. Bd2 Bc5 9. b4 Be7 10. g3 O-O 11. Bg2 {½-½ (36) Bauer,C (2624)-Dragun,K (2580) Maastricht 2015}) 7... Bc5 8. h3 O-O 9. Bb2 Re8 10. g3 Qe7 11. Bg2 Ba3 12. Bxa3 Qxa3 13. O-O Nb6 14. Rfd1 Qe7 15. a4 a5 16. Qe3 Qc7 17. Nh4 Be6 18. Ndf3 Nbd7 19. g4 Rad8 20. Nf5 Bxf5 21. exf5 Nd5 22. Qe1 h6 23. c3 N7f6 24. b4 (24. c4 $17 {might work better.} e4 25. Nd4) 24... axb4 25. cxb4 Nf4 26. Rxd8 Qxd8 27. a5 (27. Ra3 $17) 27... N6d5 28. Qe4 Nc3 29. Qc4 e4 30. Nh2 $2 (30. Bf1 Ncd5 31. Nh2) 30... e3 31. fxe3 Nfe2+ 32. Kh1 Ng3+ 33. Kg1 Rxe3 34. Nf1 Nxf1 $19 35. Kxf1 Qd2 36. Kg1 Re2 37. Bxc6 Qe3+ 38. Kh1 Qxh3+ 39. Kg1 Qh2+ 40. Kf1 Qf2# 0-1

[Event "23rd Hoogeveen Open 2019"]
[Site "Hoogeveen"]
[Date "2019.10.21"]
[Round "3.32"]
[White "Mijnster, Niels"]
[Black "Stock, Andreas"]
[Result "0-1"]
[ECO "A57"]
[WhiteElo "2145"]
[BlackElo "2076"]
[Annotator "RC"]
[PlyCount "66"]
[EventDate "2019.10.19"]
[EventType "swiss"]
[EventCountry "NED"]
[SourceTitle "playchess.com"]
[Source "ChessBase"]
[SourceQuality "1"]
[TimeControl "40/5400+30:1800+30"]

1. d4 Nf6 2. c4 c5 3. d5 b5 4. cxb5 a6 5. b6 e6 6. Nc3 exd5 7. Nxd5 Nxd5 8. Qxd5 Nc6 9. e4 Be7 10. Bc4 O-O 11. Nf3 Bb7 12. Qd2 Qxb6 13. O-O d6 14. Qf4 Rad8 15. Rd1 Bf6 16. Bd2 Ne5 17. Nxe5 dxe5 18. Qe3 Rd4 19. Qb3 Qxb3 20. Bxb3 Rxe4 21. f3 Rd4 22. Be3 e4 23. fxe4 Rxe4 24. Bxc5 Bxb2 25. Bxf8 Kxf8 26. Rd8+ Ke7 27. Rad1 Bc6 28. Rc8 Bd7 29. Rc4 f5 30. Kh1 Bb5 31. Rc7+ Kf6 32. Rd6+ Kg5 33. Rxg7+ Bxg7 0-1

[Event "23rd Hoogeveen Open 2019"]
[Site "Hoogeveen"]
[Date "2019.10.21"]
[Round "3.33"]
[White "Gijsen, William"]
[Black "Fehr, Axel"]
[Result "0-1"]
[ECO "B90"]
[WhiteElo "2091"]
[BlackElo "2045"]
[Annotator "NA RC"]
[PlyCount "112"]
[EventDate "2019.10.19"]
[EventType "swiss"]
[EventCountry "NED"]
[SourceTitle "playchess.com"]
[Source "ChessBase"]
[SourceQuality "1"]
[TimeControl "40/5400+30:1800+30"]

1. e4 c5 2. Nf3 d6 3. d4 cxd4 4. Nxd4 Nf6 5. Nc3 a6 6. Be3 e5 7. Nb3 Be6 8. Qd2 Nbd7 9. f3 h5 10. Rg1 {[%emt 0:02:53] B90: Sicilian Najdorf: Unusual White 6th moves, 6 Be3 Ng4 and 6 Be3 e5} (10. O-O-O Be7 11. Bg5 b5 12. h4 Rc8 13. Kb1 O-O 14. a3 Re8 15. Be2 Qb6 16. Rhg1 Bf8 17. Nc1 Rc7 18. N1a2 Rec8 {0-1 (36) Inarkiev,E (2693)-Vidit,S (2707) Danzhou 2019}) 10... Rc8 11. O-O-O Qc7 $146 ({Predecessor:} 11... b5 12. Qf2 Rxc3 13. bxc3 Qc7 14. Kb2 Be7 15. Bd3 O-O 16. g4 Rc8 17. gxh5 d5 18. exd5 Nxd5 19. Qg3 Bf6 20. Bg5 Qxc3+ 21. Kc1 Nf4 22. Bxf4 exf4 23. Qxf4 Ne5 24. Nd4 Nxd3+ 25. Rxd3 Qxd3 {0-1 (25) Yeung,W (1717)-Peng,S (2297) Grapevine 2019}) 12. Kb1 Nb6 13. Bg5 Nbd7 14. Be2 Be7 15. Rc1 b5 16. Bxf6 Bxf6 17. Bxb5 axb5 18. Nxb5 Qb6 19. Nxd6+ Ke7 20. Nxc8+ Rxc8 21. g4 hxg4 22. fxg4 g5 23. Rg3 Qb7 24. Qe3 Qa6 (24... Kf8 $17) 25. Rg2 Ke8 26. Rd1 Ra8 27. a3 Be7 28. Qc3 Rc8 29. Qe3 (29. Qh3 $15) 29... Qa4 30. Rd3 Rc4 31. Rc3 Rxc3 32. Qxc3 Qxe4 {[%emt 0:00:20] Double Attack} 33. Rg1 Kf8 34. h3 Kg7 35. Rd1 Qe2 36. Rd3 (36. Re1 $5 Qb5 37. Rd1 $15) 36... Qf1+ 37. Nc1 Bf6 ({Black should play} 37... Qg1 $15) 38. Rf3 $11 {[%emt 0:01:16] and White has nothing to worry.} Qd1 (38... Qb5 39. Qb4) 39. Rd3 Qf1 40. Qc7 $2 e4 41. Re3 Be5 (41... Ne5 $19 {and Black stays clearly on top.} 42. Rxe4 Nc4 {[%mdl 64] Discovered Attack} 43. Rxc4 Bxc4) 42. Qa5 Qf4 43. Qe1 Nf6 44. c3 Bc7 45. Na2 Bb6 46. Re2 Bc4 47. Nc1 Bxe2 48. Nxe2 Qe3 49. Qd1 Qxh3 50. b4 Qxg4 51. c4 Qf3 52. c5 Bc7 53. Ka2 g4 $19 54. b5 Qd3 55. Nc3 Qxc3 56. b6 Be5 0-1

[Event "23rd Hoogeveen Open 2019"]
[Site "Hoogeveen"]
[Date "2019.10.21"]
[Round "3.34"]
[White "Pekin, Tolgay"]
[Black "Merkon, Oseb"]
[Result "1/2-1/2"]
[ECO "B31"]
[WhiteElo "2083"]
[BlackElo "1930"]
[Annotator "NA RC"]
[PlyCount "99"]
[EventDate "2019.10.19"]
[EventType "swiss"]
[EventCountry "NED"]
[SourceTitle "playchess.com"]
[Source "ChessBase"]
[SourceQuality "1"]
[TimeControl "40/5400+30:1800+30"]

1. e4 c5 2. Nf3 Nc6 3. Bb5 g6 4. Bxc6 dxc6 5. d3 Bg7 6. h3 Nf6 7. Nc3 Nd7 8. Be3 e5 9. Qd2 h6 {[%emt 0:00:07] B31: Sicilian: 2...Nc6 3 Bb5 g6} 10. O-O b6 11. Nh2 g5 (11... Nf6 12. a3 Be6 13. b4 Nd5 14. exd5 cxd5 15. Qe1 d4 16. Bd2 dxc3 17. Bxc3 {½-½ (33) Dominguez Perez,L (2763)-Abasov,N (2632) Khanty-Mansiysk 2019}) 12. Ne2 Nf8 13. Ng3 Ne6 14. Nh5 $146 ({Predecessor:} 14. Nf5 Bf8 15. c3 Ba6 16. Ng4 f6 17. f3 {1-0 (47) Djurovic,G (2328)-Kozul,Z (2595) Zadar 2010}) 14... O-O 15. Ng4 Nf4 16. Nxg7 Bxg4 17. hxg4 Kxg7 18. g3 Ne6 19. Kg2 Qe7 20. f3 Rad8 21. Qf2 f6 22. a4 a5 23. f4 exf4 24. gxf4 Nxf4+ 25. Bxf4 gxf4 26. Qxf4 Qe5 27. Qxe5 fxe5 28. Rf5 c4 29. Ra3 Rd4 30. Kf3 cxd3 31. cxd3 Rfd8 32. Ke3 Rb4 33. Rxe5 Rxb2 34. Rc3 c5 35. Re7+ Kf6 36. Rb7 Rb4 37. Kf4 Rd6 38. Rc4 Rxd3 39. Rxb4 axb4 40. Rxb6+ Kg7 41. Rb5 Ra3 42. Rxc5 Rxa4 43. Rb5 Ra1 44. Rxb4 Rf1+ 45. Ke3 Kf6 46. Rb8 Re1+ 47. Kf3 Rf1+ 48. Ke2 Rf4 49. Rf8+ Ke5 50. Rxf4 $11 1/2-1/2

[Event "23rd Hoogeveen Open 2019"]
[Site "Hoogeveen"]
[Date "2019.10.21"]
[Round "4.2"]
[White "Akash, Ganesan"]
[Black "Basso, Pier Luigi"]
[Result "1-0"]
[ECO "B15"]
[WhiteElo "2449"]
[BlackElo "2575"]
[Annotator "ChessBase"]
[PlyCount "115"]
[EventDate "2019.10.19"]
[EventType "swiss"]
[EventCountry "NED"]
[SourceTitle "playchess.com"]
[Source "ChessBase"]
[SourceQuality "1"]
[TimeControl "40/5400+30:1800+30"]

1. e4 g6 2. d4 Bg7 3. Nc3 c6 4. Nf3 d5 5. h3 Nf6 6. Bd3 c5 7. dxc5 dxe4 8. Nxe4 Nxe4 9. Bxe4 Nd7 10. c6 bxc6 11. O-O Qc7 12. c3 O-O 13. Re1 Nc5 14. Bc2 Ba6 15. Be3 Rad8 16. Qc1 Nd3 17. Bxd3 Rxd3 18. Bf4 Qb7 19. Bh6 e6 20. Bxg7 Kxg7 21. Ne5 Rdd8 22. Ng4 Qe7 23. Qe3 Bc8 24. Ne5 Qb7 25. b4 f6 26. Nc4 Rd5 27. Na5 Qd7 28. c4 Re5 29. Red1 Qc7 30. Qc3 c5 31. b5 Bb7 32. Nxb7 Qxb7 33. Qf3 Qxf3 34. gxf3 Re2 35. a4 Rf7 36. a5 Rb2 37. a6 Kh6 38. Rd6 Rf8 39. Rd7 Ra8 40. Rc7 Kg5 41. Rxc5+ Kf4 42. Kg2 Rd8 43. Rc7 Rd3 44. Rxh7 g5 45. Rxa7 Rxf3 46. Rf1 Rg3+ 47. Kh2 Ra3 48. Rd7 e5 49. Rdd1 g4 50. hxg4 Kxg4 51. Ra1 Rh3+ 52. Kg1 Rh8 53. a7 Ra8 54. Rfb1 Rc2 55. b6 Kh3 56. Ra3+ Kh4 57. b7 Rg8+ 58. Rg3 1-0

[Event "23rd Hoogeveen Open 2019"]
[Site "Hoogeveen"]
[Date "2019.10.21"]
[Round "4.3"]
[White "Harutjunyan, Gevorg"]
[Black "Pruijssers, Roeland"]
[Result "0-1"]
[ECO "B01"]
[WhiteElo "2428"]
[BlackElo "2550"]
[Annotator "ChessBase"]
[PlyCount "74"]
[EventDate "2019.10.19"]
[EventType "swiss"]
[EventCountry "NED"]
[SourceTitle "playchess.com"]
[Source "ChessBase"]
[SourceQuality "1"]
[TimeControl "40/5400+30:1800+30"]

1. e4 d5 2. exd5 Qxd5 3. Nc3 Qa5 4. d4 Nf6 5. Nf3 Bf5 6. Ne5 c6 7. g4 Be6 8. Nc4 Qd8 9. h3 g6 10. Bf4 Bg7 11. Qd2 Nbd7 12. Ne3 O-O 13. Bg2 Nb6 14. O-O h5 15. g5 Nfd5 16. Ncxd5 Nxd5 17. Nxd5 Bxd5 18. Bxd5 Qxd5 19. Rfe1 Qf5 20. Rxe7 Qxh3 21. Qe3 Qg4+ 22. Kh2 Rad8 23. c3 Rd5 24. f3 Qc8 25. Re1 a5 26. Rc7 Qa8 27. Qd3 Rf5 28. Kg3 Qd8 29. Ree7 Qd5 30. c4 Rxg5+ 31. Bxg5 Qxg5+ 32. Kf2 h4 33. Qe3 Qg3+ 34. Ke2 h3 35. Qf2 Qf4 36. Rcd7 h2 37. Qg2 Qc1 0-1

[Event "23rd Hoogeveen Open 2019"]
[Site "Hoogeveen"]
[Date "2019.10.21"]
[Round "4.6"]
[White "Vrolijk, Liam"]
[Black "Dixit, Nikhil"]
[Result "1/2-1/2"]
[ECO "E90"]
[WhiteElo "2478"]
[BlackElo "2358"]
[Annotator "ChessBase"]
[PlyCount "46"]
[EventDate "2019.10.19"]
[EventType "swiss"]
[EventCountry "NED"]
[SourceTitle "playchess.com"]
[Source "ChessBase"]
[SourceQuality "1"]
[TimeControl "40/5400+30:1800+30"]

1. d4 Nf6 2. c4 g6 3. Nc3 Bg7 4. e4 d6 5. h3 O-O 6. Be3 c6 7. Nf3 a6 8. c5 dxc5 9. dxc5 Qa5 10. Nd2 Nfd7 11. Rc1 Rd8 12. Qc2 Nf8 13. Nc4 Qc7 14. Nb6 Ra7 15. Bc4 Bd4 16. Bxd4 Rxd4 17. O-O e5 18. Rfd1 Be6 19. Rxd4 exd4 20. Ne2 Qe5 21. Bd3 g5 22. Qa4 Nbd7 23. Qxd4 Bxa2 1/2-1/2

[Event "23rd Hoogeveen Open 2019"]
[Site "Hoogeveen"]
[Date "2019.10.21"]
[Round "4.7"]
[White "Gomes, Mary Ann"]
[Black "Beerdsen, Thomas"]
[Result "1/2-1/2"]
[ECO "A34"]
[WhiteElo "2268"]
[BlackElo "2472"]
[Annotator "ChessBase"]
[PlyCount "48"]
[EventDate "2019.10.19"]
[EventType "swiss"]
[EventCountry "NED"]
[SourceTitle "playchess.com"]
[Source "ChessBase"]
[SourceQuality "1"]
[TimeControl "40/5400+30:1800+30"]

1. Nf3 c5 2. c4 Nf6 3. g3 Nc6 4. Bg2 e5 5. Nc3 d6 6. O-O g6 7. a3 Bg7 8. b4 O-O 9. b5 Na5 10. d3 e4 11. Ne1 exd3 12. exd3 Bg4 13. Qc2 Re8 14. Bb2 Bf5 15. Nd5 Nxd5 16. Bxd5 Qe7 17. Bxg7 Kxg7 18. Nf3 Qf6 19. Kg2 Rad8 20. Rae1 b6 21. Re3 Be6 22. Bxe6 Rxe6 23. Rfe1 Rde8 24. Nd2 h6 1/2-1/2

[Event "23rd Hoogeveen Open 2019"]
[Site "Hoogeveen"]
[Date "2019.10.21"]
[Round "4.10"]
[White "Giacomini, Hector"]
[Black "Jonkman, Harmen"]
[Result "1/2-1/2"]
[ECO "A06"]
[WhiteElo "2145"]
[BlackElo "2383"]
[Annotator "NA"]
[PlyCount "47"]
[EventDate "2019.10.19"]
[EventType "swiss"]
[EventCountry "NED"]
[SourceTitle "playchess.com"]
[Source "ChessBase"]
[SourceQuality "1"]
[TimeControl "40/5400+30:1800+30"]

1. Nf3 d5 2. e3 g6 3. d4 Bg7 4. c4 e6 5. Nc3 Ne7 6. Be2 Nd7 7. O-O O-O 8. e4 b6 9. Bg5 Bb7 10. exd5 exd5 11. Bxe7 Qxe7 12. Nxd5 Bxd5 13. cxd5 Rad8 14. Bc4 Qb4 15. Bb3 a5 16. Rc1 a4 17. Rc4 Qb5 18. Rxa4 Nf6 19. Qd2 Nxd5 20. Rc4 Rd6 21. Re1 Rfd8 22. g3 Rf6 23. Ne5 h5 24. h4 1/2-1/2

[Event "23rd Hoogeveen Open 2019"]
[Site "Hoogeveen"]
[Date "2019.10.21"]
[Round "4.11"]
[White "Vestby-Ellingsen, Mads"]
[Black "Sparenberg, Erik"]
[Result "1-0"]
[ECO "A45"]
[WhiteElo "2363"]
[BlackElo "2142"]
[Annotator "NA"]
[PlyCount "75"]
[EventDate "2019.10.19"]
[EventType "swiss"]
[EventCountry "NED"]
[SourceTitle "playchess.com"]
[Source "ChessBase"]
[SourceQuality "1"]
[TimeControl "40/5400+30:1800+30"]

1. d4 Nf6 2. Bg5 e6 3. e4 h6 4. Bxf6 Qxf6 5. c3 g6 6. Bd3 Bg7 7. Ne2 d6 8. O-O e5 9. f4 exd4 10. cxd4 O-O 11. Nbc3 Bg4 12. Qd2 Bxe2 13. Nxe2 Nd7 14. f5 g5 15. Rad1 c5 16. Bb5 Nb6 17. e5 dxe5 18. dxc5 Rfd8 19. Qe3 Nd5 20. Qe4 Nf4 21. Nc3 Bf8 22. g3 Bxc5+ 23. Kh1 Rxd1 24. Nxd1 Qb6 25. Nc3 Nh3 26. Kg2 Nf2 27. Qe2 Rd8 28. Na4 Qd6 29. Nxc5 Qd5+ 30. Kxf2 Qxc5+ 31. Kg2 e4 32. Kh3 e3 33. Bd3 Rd4 34. Rd1 Qd5 35. Qxe3 g4+ 36. Kh4 Qd8+ 37. Kh5 Qd6 38. Qxh6 1-0

[Event "23rd Hoogeveen Open 2019"]
[Site "Hoogeveen"]
[Date "2019.10.21"]
[Round "4.12"]
[White "Blagojevic, Tijana"]
[Black "Okkes, Menno"]
[Result "1/2-1/2"]
[ECO "B51"]
[WhiteElo "2151"]
[BlackElo "2326"]
[Annotator "NA"]
[PlyCount "56"]
[EventDate "2019.10.19"]
[EventType "swiss"]
[EventCountry "NED"]
[SourceTitle "playchess.com"]
[Source "ChessBase"]
[SourceQuality "1"]
[TimeControl "40/5400+30:1800+30"]

1. e4 c5 2. Nf3 d6 3. Bb5+ Nd7 4. O-O a6 5. Bd3 Ngf6 6. Re1 e5 7. a4 Be7 8. c3 O-O 9. Bc2 b6 10. d4 Bb7 11. Nbd2 Re8 12. Nf1 Bf8 13. d5 g6 14. Bg5 Be7 15. Qd2 Ng4 16. Bxe7 Qxe7 17. h3 Ngf6 18. c4 a5 19. Ra3 Ba6 20. Rc3 Nh5 21. g3 Kh8 22. Ng5 f6 23. Ne6 Nf8 24. Nxf8 Rxf8 25. Bd1 Ng7 26. f4 Rae8 27. Kh2 Bc8 28. Qg2 Bd7 1/2-1/2

[Event "23rd Hoogeveen Open 2019"]
[Site "Hoogeveen"]
[Date "2019.10.21"]
[Round "4.14"]
[White "De Boer, Bas"]
[Black "Romanishin, Oleg M"]
[Result "1/2-1/2"]
[ECO "E60"]
[WhiteElo "2142"]
[BlackElo "2441"]
[Annotator "NA"]
[PlyCount "75"]
[EventDate "2019.10.19"]
[EventType "swiss"]
[EventCountry "NED"]
[SourceTitle "playchess.com"]
[Source "ChessBase"]
[SourceQuality "1"]
[TimeControl "40/5400+30:1800+30"]

1. Nf3 Nf6 2. c4 d6 3. d4 g6 4. g3 c6 5. Bg2 Bf5 6. O-O Bg7 7. Nc3 Ne4 8. Nb1 Qb6 9. b3 O-O 10. Bb2 d5 11. cxd5 cxd5 12. Ne5 Rc8 13. g4 Be6 14. e3 Nd7 15. Nd3 Rc7 16. f3 Nd6 17. Nc3 Rac8 18. Na4 Qb5 19. Rf2 Nf8 20. Bf1 Qe8 21. Nf4 Bh6 22. Nc5 Bxf4 23. exf4 Bd7 24. Bd3 Bb5 25. Bb1 b6 26. Nd3 a5 27. Qd2 Nc4 28. bxc4 dxc4 29. Nc5 bxc5 30. dxc5 Rxc5 31. Qc3 f6 32. Bc2 Ba4 33. Be4 Ne6 34. Bc1 Bc6 35. Bc2 Ba4 36. Be4 Bc6 37. Bc2 Ba4 38. Be4 1/2-1/2

[Event "23rd Hoogeveen Open 2019"]
[Site "Hoogeveen"]
[Date "2019.10.21"]
[Round "4.15"]
[White "Van Foreest, Machteld"]
[Black "Manush Shah"]
[Result "0-1"]
[ECO "B19"]
[WhiteElo "2142"]
[BlackElo "2352"]
[Annotator "NA"]
[PlyCount "98"]
[EventDate "2019.10.19"]
[EventType "swiss"]
[EventCountry "NED"]
[SourceTitle "playchess.com"]
[Source "ChessBase"]
[SourceQuality "1"]
[TimeControl "40/5400+30:1800+30"]

1. e4 c6 2. d4 d5 3. Nd2 dxe4 4. Nxe4 Bf5 5. Ng3 Bg6 6. h4 h6 7. Nf3 Nf6 8. h5 Bh7 9. Bd3 Bxd3 10. Qxd3 e6 11. Bd2 c5 12. Ne4 Nc6 13. Bc3 Nb4 14. Nxf6+ gxf6 15. Bxb4 cxb4 16. Qb5+ Qd7 17. Qxd7+ Kxd7 18. O-O-O Rg8 19. g3 Rc8 20. Rd3 Bd6 21. Re1 Rc7 22. Re2 a5 23. Nd2 Bf4 24. gxf4 Rg1+ 25. Nf1 Rxf1+ 26. Rd1 Rxd1+ 27. Kxd1 Rc4 28. Rd2 Kd6 29. Ke2 Kd5 30. Ke3 Rc8 31. Kd3 b5 32. c3 Rc4 33. a3 bxc3 34. bxc3 b4 35. axb4 axb4 36. cxb4 Rxd4+ 37. Ke3 Rxd2 38. Kxd2 Kc4 39. Ke3 f5 40. b5 Kxb5 41. Kd4 f6 42. Kd3 Kc5 43. Kc3 Kd5 44. Kd3 e5 45. fxe5 fxe5 46. f3 f4 47. Ke2 Kc4 48. Kd2 Kd4 49. Ke2 Kc3 0-1

[Event "23rd Hoogeveen Open 2019"]
[Site "Hoogeveen"]
[Date "2019.10.21"]
[Round "4.16"]
[White "Van Dorp, Folke"]
[Black "De Jong, Migchiel"]
[Result "1-0"]
[ECO "C00"]
[WhiteElo "2086"]
[BlackElo "2330"]
[Annotator "NA"]
[PlyCount "107"]
[EventDate "2019.10.19"]
[EventType "swiss"]
[EventCountry "NED"]
[SourceTitle "playchess.com"]
[Source "ChessBase"]
[SourceQuality "1"]
[TimeControl "40/5400+30:1800+30"]

1. e4 e6 2. d3 d5 3. Nd2 Nf6 4. Ngf3 b6 5. c3 c5 6. g3 Be7 7. Bg2 Ba6 8. e5 Nfd7 9. Qe2 Nc6 10. O-O g5 11. c4 g4 12. cxd5 gxf3 13. Nxf3 Nb4 14. dxe6 fxe6 15. Rd1 Nf8 16. Ng5 Bxg5 17. Qh5+ Kd7 18. Bxg5 Qe8 19. Qf3 Nd5 20. d4 Bb7 21. dxc5 Ng6 22. Bf6 Rg8 23. Rac1 Qf7 24. Qb3 Rgc8 25. cxb6 axb6 26. Bxd5 exd5 27. Qxb6 Ke8 28. f4 d4 29. Rxc8+ Rxc8 30. Rxd4 Rc1+ 31. Kf2 Qc7 32. Qe6+ Ne7 33. Qxe7+ Qxe7 34. Bxe7 Kxe7 35. Rb4 Rc2+ 36. Ke3 Bd5 37. f5 Rxh2 38. a3 h5 39. Rb5 Bc6 40. Rb6 Kd7 41. Kf4 Rf2+ 42. Kg5 Be4 43. e6+ Ke7 44. Rb5 Rf3 45. g4 hxg4 46. Kxg4 Kf6 47. e7 Kxe7 48. Re5+ Kf6 49. Re6+ Kf7 50. Rxe4 Rf2 51. Rb4 Rg2+ 52. Kf3 Rh2 53. Rb6 Rh4 54. b3 1-0

[Event "23rd Hoogeveen Open 2019"]
[Site "Hoogeveen"]
[Date "2019.10.21"]
[Round "4.17"]
[White "Moksh Amit Doshi"]
[Black "Djukic, Sandra"]
[Result "1-0"]
[ECO "D20"]
[WhiteElo "2328"]
[BlackElo "2179"]
[Annotator "NA"]
[PlyCount "84"]
[EventDate "2019.10.19"]
[EventType "swiss"]
[EventCountry "NED"]
[SourceTitle "playchess.com"]
[Source "ChessBase"]
[SourceQuality "1"]
[TimeControl "40/5400+30:1800+30"]

1. d4 d5 2. c4 dxc4 3. e4 Nf6 4. e5 Nd5 5. Bxc4 Nb6 6. Bb3 Nc6 7. Ne2 Bg4 8. f3 Bf5 9. Nbc3 e6 10. O-O h5 11. Be3 Nb4 12. Ng3 Bd3 13. Rf2 Bc4 14. Nge4 Bxb3 15. Qxb3 N4d5 16. Bg5 Be7 17. Bxe7 Nxe7 18. Rd1 Ned5 19. a4 Rb8 20. f4 Ne7 21. f5 exf5 22. Ng5 O-O 23. e6 f6 24. Nf7 Qe8 25. a5 Nbc8 26. Nb5 Qc6 27. d5 Qc5 28. Qf3 g6 29. Qf4 Qxb5 30. Qxc7 Nb6 31. axb6 Nxd5 32. Qc1 f4 33. Nd6 Qb3 34. Qb1 Ne7 35. bxa7 Rbd8 36. Qc2 Qxe6 37. Re2 Qd7 38. Qb3+ Kh7 39. a8=Q Rxa8 40. Nb5 Qc6 41. Rxe7+ Kh6 42. Nd4 Qd6 1-0

[Event "23rd Hoogeveen Open 2019"]
[Site "Hoogeveen"]
[Date "2019.10.21"]
[Round "4.18"]
[White "De Boer, Eelke"]
[Black "Takawira, Erick"]
[Result "0-1"]
[ECO "C77"]
[WhiteElo "2323"]
[BlackElo "2101"]
[Annotator "NA"]
[PlyCount "88"]
[EventDate "2019.10.19"]
[EventType "swiss"]
[EventCountry "NED"]
[SourceTitle "playchess.com"]
[Source "ChessBase"]
[SourceQuality "1"]
[TimeControl "40/5400+30:1800+30"]

1. e4 e5 2. Nf3 Nc6 3. Bb5 a6 4. Ba4 Nf6 5. O-O Be7 6. d3 b5 7. Bb3 d6 8. a3 O-O 9. Nc3 Be6 10. Bxe6 fxe6 11. Re1 Qe8 12. Ne2 Nh5 13. Ng3 Nxg3 14. hxg3 Nd4 15. Nxd4 exd4 16. f4 Qg6 17. g4 Bh4 18. Rf1 e5 19. f5 Qf6 20. Qd2 h6 21. a4 c5 22. Qa5 b4 23. c3 Qf7 24. g5 dxc3 25. bxc3 Qh5 26. Be3 Bg3 27. Rf3 Qh2+ 28. Kf1 hxg5 29. Bg1 Qh4 30. cxb4 g4 31. Re3 Bf4 32. Re2 cxb4 33. Qxb4 Qh6 34. Qc4+ Kh7 35. Rc2 g3 36. Re1 Bd2 37. Rd1 Qf4+ 38. Ke2 Ba5 39. Rf1 Qg4+ 40. Rf3 Rab8 41. Be3 Rb1 42. Bc1 Qh5 43. Bd2 Rg1 44. Bxa5 Rxg2+ 0-1

[Event "23rd Hoogeveen Open 2019"]
[Site "Hoogeveen"]
[Date "2019.10.21"]
[Round "4.20"]
[White "Garcia Morales, Ivette Ale"]
[Black "Advait, Bagri"]
[Result "1/2-1/2"]
[ECO "D15"]
[WhiteElo "2013"]
[BlackElo "2231"]
[Annotator "NA"]
[PlyCount "47"]
[EventDate "2019.10.19"]
[EventType "swiss"]
[EventCountry "NED"]
[SourceTitle "playchess.com"]
[Source "ChessBase"]
[SourceQuality "1"]
[TimeControl "40/5400+30:1800+30"]

1. d4 d5 2. c4 c6 3. Nc3 Nf6 4. Nf3 a6 5. a4 e6 6. g3 Be7 7. Bg2 O-O 8. Qc2 a5 9. O-O Na6 10. e4 Nb4 11. Qe2 dxc4 12. Rd1 b6 13. Ne5 Ba6 14. Nxc4 Bxc4 15. Qxc4 Qc8 16. Bg5 Ra7 17. Rac1 Qd7 18. Na2 Nxa2 19. Qxa2 Rc8 20. Qb3 Rb7 21. Bxf6 Bxf6 22. e5 Be7 23. Qc4 Rbc7 24. Qa6 1/2-1/2